 Dungeon Crawl Stone Soup version 0.24.0-10-g970556be89 (webtiles) character file.

Game seed: 9375592786435275173, levelgen mode: deterministic

2 LostNumber the Vandal (level 1, -3/14 HPs)
             Began as an Octopode Hunter on Nov 3, 2019.
             Slain by a kobold
             ... wielding a +0 club
              (4 damage)
             ... on level 1 of the Dungeon.
             The game lasted 00:00:10 (27 turns).

LostNumber the Vandal (Octopode Hunter)               Turns: 27, Time: 00:00:10

Health: -3/14      AC:  1    Str: 11    XL:     1   Next: 30%
Magic:  1/1        EV: 13    Int: 13    God:
Gold:   0          SH:  0    Dex: 12    Spells: 0/0 levels left

rFire    . . .     SeeInvis .   b - +0 short sword
rCold    . . .     Gourm    .   (no shield)
rNeg     . . .     Faith    .   (helmet restricted)
rPois    .         Spirit   .   (no amulet)
rElec    .         Reflect  .   (no ring)
rCorr    .         Harm     .   (no ring)
MR       .....                  (no ring)
Stlth    +++.......             (no ring)
HPRegen  0.04/turn              (no ring)
MPRegen  0.07/turn              (no ring)
                                (no ring)
                                (no ring)

@: no status effects
A: almost no armour, stealthy swim, amphibious, 8 rings, constrict 8, camouflage
1, gelatinous body 1
a: no special abilities


You were on level 1 of the Dungeon.
You were not hungry.

You visited 1 branch of the dungeon, and saw 1 of its levels.

Inventory:

Hand Weapons
 a - a +1 hunting sling
 b - a +0 short sword (weapon)
Missiles
 c - 20 sling bullets
Comestibles
 d - 3 chunks of flesh
 e - a ration {!d}


   Skills:
 + Level 2.0 Fighting
 * Level 4.0 Slings
 - Level 2.0 Dodging
 + Level 1.5 Stealth


You couldn't memorise any spells.
You didn't know any spells.
Your spell library was empty.

Dungeon Overview and Level Annotations

Branches:
Dungeon (1/15)

Altars:


Innate Abilities, Weirdness & Mutations

You cannot wear most types of armour.
You are very stealthy in the water. (Stealth+)
You are amphibious.
You can wear up to eight rings at the same time.
You can use your tentacles to constrict eight enemies at once.
Your skin changes colour to match your surroundings (Stealth+).
Your rubbery body absorbs attacks. (AC +1, EV +1)


Message History

e - a ration Welcome, LostNumber the Octopode Hunter.
It is said that the Orb of Zot exists deep within this dungeon.
Found a staircase leading out of the dungeon.
A goblin comes into view.
Found a hand axe.
A goblin is nearby!
A goblin is nearby!
Firing (i - inventory)
c - 20 sling bullets (quivered)
Aim: a goblin (resting)
You shoot a sling bullet. The sling bullet hits the goblin.
You kill the goblin!
No target in view!
No target in view!
c - 20 sling bullets (gained 1)
You butcher the goblin corpse.
d - 3 chunks of flesh You see here a goblin skeleton. x2
A kobold comes into view.
A kobold is nearby!
b - a +0 short sword (weapon)
A kobold comes into view. It is wielding a +0 club.
The kobold shouts! x2
The kobold hits you.
You closely miss the kobold. Your grab misses the kobold. The kobold hits you.
* * * LOW HITPOINT WARNING * * *
You hit the kobold. Your grab misses the kobold. The kobold closely misses you.
You hit the kobold.
You kill the kobold!
The kobold closely misses you.
Unknown command.
You miss the kobold. Your grab misses the kobold.
A frilled lizard comes into view.
The kobold hits you with a +0 club.
* * * LOW HITPOINT WARNING * * *
You closely miss the kobold.
The frilled lizard hisses angrily.
Your grab misses the kobold. The kobold hits you with a +0 club.
* * * LOW HITPOINT WARNING * * *
You hit the kobold but do no damage. You grab the kobold.
You constrict the kobold. The kobold hits you with a +0 club.
* * * LOW HITPOINT WARNING * * *
You hit the kobold but do no damage. You constrict the kobold.
The kobold hits you with a +0 club.
You die...

#.# #.#
#.# #.#
#l# #.#
#K# #@#
#.# #.#
###.####
#......#
#......#
#......#
.#.....รท#
#........#


You could see a kobold and a frilled lizard.

Vanquished Creatures
  A goblin (D:1)
  A kobold (D:1)
2 creatures vanquished.

Notes
Turn   | Place    | Note
-------+----------+-------------------------------------------
     0 | D:1      | LostNumber the Octopode Hunter began the quest for the Orb.
     0 | D:1      | Reached XP level 1. HP: 14/14 MP: 1/1
    27 | D:1      | Slain by a kobold

Levels and vault maps discovered:
D:1:      wander_arrival_lonely_grave, layout_basic, minmay_pentomino_p4

Action                   || total
-------------------------++-------
Melee: Short sword       ||     7
       Constrict         ||     1
 Fire: Hunting sling     ||     1
Dodge: Dodged            ||     2
